 Dungeon Crawl Stone Soup version 0.27-a0-59-gfbafd837a3 (webtiles) character file.

Game seed: 4337224810611326463

1519 kae the Insei (level 8, -4/60 (64) HPs)
             Began as an Octopode Transmuter on Jan 8, 2021.
             Was a Believer of Ru.
             Slain by Pikel
             ... wielding a +1 whip of flaming
              (6 damage)
             ... on level 8 of the Dungeon.
             The game lasted 00:06:18 (10280 turns).

kae the Insei (Octopode Transmuter)                Turns: 10280, Time: 00:06:18

HP:   -4/60 (64)    AC:  5    Str: 12    XL:     8   Next: 84%
MP:   10/14         EV: 12    Int: 15    God:    Ru [**....]
Gold: 486           SH:  0    Dex: 12    Spells: 2/15 levels left

rFire    x x .     SeeInvis .     - Unarmed
rCold    + + .     Faith    .   (shield currently unavailable)
rNeg     . . .     Spirit   .   (helmet currently unavailable)
rPois    +         Reflect  .   (no amulet)
rElec    .         Harm     .   (no ring)
rCorr    .         Rampage  .   (no ring)
Will     .....                  (no ring)
Stlth    +.........             (no ring)
HPRegen  0.20/turn              (no ring)
MPRegen  0.14/turn              (no ring)
                                (no ring)
                                (no ring)

@: ice-form, studying Ice Magic, drained
A: large, almost no armour, stealthy swim, amphibious, 8 rings, (constrict 8),
temperature sensitive
a: End Transformation, Renounce Religion


You were on level 8 of the Dungeon.
You worshipped Ru.
Ru was pleased with you.
You were a creature of crystalline ice.
You visited 2 branches of the dungeon, and saw 9 of its levels.

You collected 486 gold pieces.

Inventory:

Jewellery
 c - an uncursed ring of fire
 m - the amulet of the Air {Inacc +Fly rElec EV+5 RMsl}
   (You found it on level 5 of the Dungeon)

   [amulet of inaccuracy]

   It reduces the accuracy of all your attacks.
   It affects your evasion (+5).
   It insulates you from electricity.
   It lets you fly.
   It protects you from missiles.
Wands
 l - a wand of disintegration (17)
Scrolls
 d - 2 scrolls of identify
 f - 4 scrolls of enchant weapon
 g - 2 scrolls of remove curse
 j - 2 scrolls of fog
 k - 3 scrolls of teleportation
 q - a scroll of holy word {unknown}
 r - a scroll of enchant armour
Potions
 a - a potion of flight
 b - 4 potions of brilliance
 e - 2 potions of curing
 h - a potion of might
 i - 2 potions of lignification
 n - a potion of degeneration
 p - a potion of haste
Books
 o - a manual of Ice Magic


   Skills:
 + Level 4.2 Fighting
 + Level 4.7 Dodging
 * Level 6.8 Unarmed Combat
 + Level 4.4 Spellcasting
 + Level 4.7 Transmutations


You had 2 spell levels left.
You knew the following spells:

 Your Spells              Type           Power        Failure   Level
a - Beastly Appendage     Tmut           34%          2%          1
b - Spider Form           Tmut/Pois      5%           21%         3
c - Ice Form              Ice/Tmut       10%          54%         4
d - Blade Hands           Tmut           8%           56%         5

Your spell library contained the following spells:

 Spells                   Type           Power        Failure   Level
 Wereblood                Tmut           17%          3%          2
 Corona                   Hex            3%           17%         1
 Ensorcelled Hibernation  Hex/Ice        6%           26%         2
 Confusing Touch          Hex            3%           45%         3
 Dazzling Flash           Conj/Hex       6%           45%         3
 Tukima's Dance           Hex            3%           45%         3


Dungeon Overview and Level Annotations

Branches:
Dungeon (8/15)             Temple (1/1) D:5
   Lair: D:8-11

Altars:
Ashenzari
Dithmenos
Elyvilon
Fedhas
Hepliaklqana
Makhleb
Nemelex Xobeh
Okawaru
Qazlal
Ru
Sif Muna
Trog
Uskayaw
Vehumet
Wu Jian
Xom
Yredelemnul
Zin
The Shining One

Shops:
D:4 ?

Annotations:
D:8 exclusion: two-headed ogre, Pikel


Innate Abilities, Weirdness & Mutations

You cannot wear most types of armour.
You are very stealthy in the water. (Stealth+)
You are amphibious.
You can wear up to eight rings at the same time.
((You can use your tentacles to constrict eight enemies at once.))
((Your skin changes colour to match your surroundings (Stealth+).))
((Your rubbery body absorbs attacks. (AC +1, EV +1)))
You are sensitive to extremes of temperature. (rF-, rC-)


Message History

That felt strangely unrewarding.
A sky beast appears from thin air!
Reactivating autopickup.
The wight closely misses you.
A wight comes into view. It is wielding a +3 hand axe.
You hit Pikel. You freeze Pikel.
Pikel is lightly wounded.
Pikel hits you with a +1 whip of flaming!
* * * LOW HITPOINT WARNING * * *
Pikel melts you.
* * * LOW HITPOINT WARNING * * *
You focus your inner power and illuminate Pikel in retribution!
The wight misses you.
You punch Pikel! You freeze Pikel.
Pikel is heavily wounded.
Pikel drinks a potion.
Pikel is healed!
You punch Pikel! You freeze Pikel.
Pikel is moderately wounded.
The wight misses you.
Pikel hits you with a +1 whip of flaming.
You die...

..#..†....##....#.#.....
............+.............
............#.............
...(...?......###.........
..............# #.........
..............# ##).#.....
.......######+# #........
....... #..5###..#.....
..>.. +.Y5KY.#.#..... ..
#.zz##.#....... ..z..
#.##.##### ...z #.# .. ...
$.# ... .. ### .... . ....


You could see Pikel (corona), a sky beast, 2 lemures and 4 wights.

Vanquished Creatures
  An orc warrior (D:6)
  A sky beast (D:5)
  An ogre (D:5)
  2 centaurs
  A lemure (D:8)
  A bullfrog (D:8)
  A scorpion (D:6)
  4 wights (D:8)
  A howler monkey (D:5)
  A bullfrog zombie (D:3)
  2 hounds
  A bullfrog skeleton (D:7)
  4 orc priests
  Crazy Yiuf (D:2)
  An iguana (D:6)
  6 orc wizards
  5 worker ants
  A worker ant zombie (D:6)
  5 adders
  A shadow imp (D:6)
  An ufetubus (D:6)
  3 oozes
  3 dart slugs
  4 leopard geckos
  26 orcs
  5 ball pythons
  13 bats
  7 giant cockroaches
  12 goblins
  5 hobgoblins
  10 jackals
  5 quokkas
  A frilled lizard (D:1)
  7 kobolds
  A quokka skeleton (D:7)
  6 rats
  A spectral orc (D:4)
151 creatures vanquished.

Notes
Turn   | Place    | Note
-------+----------+-------------------------------------------
     0 | D:1      | kae the Octopode Transmuter began the quest for the Orb.
     0 | D:1      | Reached XP level 1. HP: 13/13 MP: 3/3
    48 | D:1      | Reached XP level 2. HP: 9/18 MP: 3/5
   456 | D:1      | Reached XP level 3. HP: 19/23 MP: 4/6
   460 | D:1      | Learned a level 3 spell: Spider Form
  1320 | D:2      | Found a shadowy altar of Dithmenos.
  1587 | D:2      | Reached XP level 4. HP: 16/29 MP: 4/7
  1851 | D:2      | Found a runed translucent door.
  1852 | D:2      | Noticed Crazy Yiuf
  2782 | D:2      | Killed Crazy Yiuf
  2907 | D:3      | Found a bloodstained altar of Trog.
  2983 | D:3      | Reached skill level 4 in Unarmed Combat
  3063 | D:3      | Reached XP level 5. HP: 30/34 MP: 6/8
  4536 | D:4      | Found Gexiutaabiph's Magic Scroll Boutique.
  4587 | D:4      | Reached XP level 6. HP: 23/39 MP: 10/10
  5735 | D:4      | Found a basalt altar of Yredelemnul.
  5906 | D:5      | Entered Level 5 of the Dungeon
  6038 | D:5      | Found the amulet of the Air {Inacc +Fly rElec EV+5 RMsl}
  6049 | D:5      | Reached skill level 5 in Unarmed Combat
  6104 | D:5      | Reached XP level 7. HP: 10/45 MP: 9/12
  6667 | D:5      | Found a staircase to the Ecumenical Temple.
  6676 | Temple   | Entered the Ecumenical Temple
  6713 | Temple   | Became a worshipper of Ru the Awakened
  7683 | D:6      | Reached XP level 8. HP: 34/52 MP: 10/13
  7705 | D:6      | Reached skill level 6 in Unarmed Combat
  8931 | D:7      | Gained mutation: You are sensitive to extremes of
                  | temperature. (rF-, rC-) [Ru sacrifice]
  8931 | D:7      | Reached * piety under Ru
  8931 | D:7      | Reached ** piety under Ru
  9340 | D:7      | Found a basalt altar of Yredelemnul.
  9659 | D:7      | Found a burning altar of Makhleb.
  9721 | D:7      | Found a white marble altar of Elyvilon.
  9721 | D:7      | Found a radiant altar of Vehumet.
 10147 | D:8      | Noticed a two-headed ogre
 10242 | D:8      | Learned a level 4 spell: Ice Form
 10248 | D:8      | Learned a level 5 spell: Blade Hands
 10261 | D:8      | Noticed Pikel
 10278 | D:8      | HP: 1/60 [Pikel/+1 whip of flaming (6)]
 10280 | D:8      | Slain by Pikel

Illustrated notes

Levels and vault maps discovered:
D:1:      nicolae_arrival_memento_mori, layout_rooms
D:2:      layout_basic, grunt_dithmenos_smoke_and_mirrors,
          uniq_crazy_yiuf_cottage
D:3:      layout_basic, bloody_trog
D:4:      layout_cave_pools, yredelemnul_forgotten_temple_becter, serial_shops,
          shop_fountains
D:5:      layout_basic, minmay_temple_entry_water_ring
D:6:      layout_loops_ring, corexii_item_surrounded_by_moat,
          hangedman_abyss_or_decor_passed, minmay_manual_mail
D:7:      layout_loops_corners, gammafunk_temple_overflow_wave,
          lightli_temple_of_fire, basic_altar
D:8:      layout_basic, gammafunk_temple_overflow_statue, uniq_joseph,
          uniq_pikel
Temple:   cyrus_circular_temple

Skill      XL: |  1  2  3  4  5  6  7  8 |
---------------+-------------------------+-----
Unarmed Combat | 4 5 6 |  6.8
Fighting       | 2 3 4 |  4.2
Transmutations | 3 4 |  4.7
Dodging        | 3 4 |  4.7
Spellcasting   | 3 4 |  4.4

Action                   |  1- 3 |  4- 6 |  7- 9 || total
-------------------------+-------+-------+-------++-------
Melee: Unarmed           |    82 |   153 |   199 ||   434
       Constrict         |    20 |    38 |     9 ||    67
       Kick              |    16 |    19 |     8 ||    43
       Tentacles         |     8 |    18 |     6 ||    32
       Punch             |     1 |     7 |     4 ||    12
 Cast: Beastly Appendage |    22 |    35 |     9 ||    66
       Spider Form       |       |     7 |    17 ||    24
       Ice Form          |       |       |     1 ||     1
Invok: Sacrifice Resista |       |       |     1 ||     1
  Use: Scroll            |     4 |     9 |     4 ||    17
       Potion            |     1 |     1 |     1 ||     3
 Stab: Sleeping          |     2 |     4 |     1 ||     7
       Invisible         |       |       |     1 ||     1
Armor: Skin              |    13 |     6 |    12 ||    31
Dodge: Dodged            |    53 |   107 |   127 ||   287

Table legend: (Time is in decaauts)
 A = Elapsed time spent in this place.
 B = Non-inter-level travel time spent in this place.
 C = Inter-level travel time spent in this place.
 D = Time resting spent in this place.
 E = Time spent auto-exploring this place.
 F = Levels seen in this place.
 G = Mean time per level.
                   A        B        C        D        E       F      G
               +--------+--------+--------+--------+--------+-----+--------+
         Total |  10240 |   9966 |    274 |    887 |   7959 |   9 | 1137.8 |
       Dungeon |  10187 |   9929 |    258 |    887 |   7924 |   8 | 1273.4 |
        Temple |     52 |     37 |     15 |      0 |     35 |   1 |   52.0 |
               +--------+--------+--------+--------+--------+-----+--------+

Top non-repeatable levels by time:
     D:3: 2159 daAuts
     D:2: 1611 daAuts
     D:6: 1529 daAuts
     D:5: 1314 daAuts
     D:1: 1302 daAuts
     D:7: 1168 daAuts
     D:4: 806 daAuts
     D:8: 294 daAuts
  Temple: 52 daAuts
